 Dungeon Crawl Stone Soup version 0.25.0-11-g1f837a76a1 (console) character file.

Game seed: 1253239786081584605

220 bli the Insei (level 5, -1/26 HPs)
             Began as a Vine Stalker Transmuter on June 27, 2020.
             Slain by an orc
             ... wielding a +0 hand axe
              (4 damage)
             ... on level 3 of the Dungeon.
             The game lasted 00:08:41 (2936 turns).

bli the Insei (Vine Stalker Transmuter)             Turns: 2936, Time: 00:08:41

Health: -1/26      AC:  4    Str: 12    XL:     5   Next: 97%
Magic:  0/10       EV: 13    Int: 13    God:
Gold:   63         SH:  0    Dex: 16    Spells: 9/10 levels left

rFire    + . .     SeeInvis .   b - +1 dagger (venom)
rCold    . . .     Gourm    .   (no shield)
rNeg     . . .     Faith    .   i - +0 robe
rPois    .         Spirit   +   (no helmet)
rElec    .         Reflect  .   (no cloak)
rCorr    +         Harm     .   C - +0 pair of gloves
MR       .....                  z - +0 pair of boots
Stlth    ++........             (no amulet)
HPRegen  0.48/turn              o - ring of resist corrosion
MPRegen  0.12/turn              B - ring of protection from fire

@: no status effects
A: fangs 2, regeneration 1, magic shield, antimagic bite, no potion heal 3, rot
immunity
a: no special abilities


You were on level 3 of the Dungeon.
You were not hungry.

You visited 1 branch of the dungeon, and saw 3 of its levels.

You collected 63 gold pieces.

Inventory:

Hand Weapons
 b - a +1 dagger of venom (weapon)
 u - a +2 dagger of protection
 x - a +1 short sword of draining
Missiles
 a - 21 arrows
 c - 124 stones (quivered)
 h - 53 sling bullets
 l - 12 boomerangs
Armour
 i - a +0 robe (worn)
 y - a +0 chain mail
 z - a +0 pair of boots (worn)
 C - a +0 pair of gloves (worn)
Jewellery
 o - a ring of resist corrosion (left hand)
 B - a ring of protection from fire (right hand)
Scrolls
 j - a scroll of enchant weapon {unknown}
 k - 4 scrolls of fear {unknown}
 m - 2 scrolls of random uselessness {unknown}
 n - a scroll of noise {unknown}
 q - a scroll of identify {unknown}
 w - a scroll of magic mapping {unknown}
 A - a scroll of amnesia {unknown}
Potions
 e - 3 potions of stabbing {unknown}
 f - 3 potions of curing {unknown}
 g - 3 potions of lignification {unknown}
 p - 3 potions of heal wounds {unknown}
 s - a potion of might {unknown}
 t - a potion of berserk rage {unknown}
 v - a potion of brilliance {unknown}
Comestibles
 d - 12 rations
 r - a chunk of flesh


   Skills:
 + Level 2.2 Fighting
 + Level 2.7 Dodging
 + Level 1.1 Stealth
 * Level 4.6 Unarmed Combat
 * Level 3.0 Spellcasting
 - Level 2.0 Transmutations


You had 9 spell levels left.
You knew the following spells:

 Your Spells              Type           Power        Failure   Level  Hunger
a - Beastly Appendage     Tmut           #.....       10%         1    #......

Your spell library contained the following spells:

 Spells                   Type           Power        Failure   Level  Hunger
 Sticks to Snakes         Tmut           #.......     16%         2    ###....
 Spider Form              Tmut/Pois      #.........   41%         3    ###....
 Ice Form                 Ice/Tmut       #.......     83%         4    #####..
 Blade Hands              Tmut           #.........   95%         5    ######.


Dungeon Overview and Level Annotations

Branches:
Dungeon (3/15)

Altars:


Innate Abilities, Weirdness & Mutations

You have extremely sharp teeth.
Your natural rate of healing is unusually fast.
When hurt, damage is shared between your health and your magic reserves.
Your bite disrupts and absorbs the magic of your enemies.
Potions cannot restore your health.
You are immune to rotting.


Message History

The orc priest misses you. The orc barely misses you.
The orc hits you with a +0 whip.
You barely miss the orc priest.
The orc priest is moderately wounded.
The orc priest calls down the wrath of Beogh upon you.
Beogh smites you! The orc closely misses you. x2
The orc priest calls down the wrath of Beogh upon you.
Pain shoots through your body!
The orc priest mumbles some strange prayers to Beogh against you.
Beogh smites you!
* * * LOW HITPOINT WARNING * * *
You hit the orc priest.
The orc priest looks even sicker.
You bite the orc priest.
You kill the orc priest!
Your Spellcasting skill increases to level 3!
Some of the chunks of flesh in your inventory have rotted away.
You hit the orc but do no damage.
The orc is poisoned.
You bite the orc, but do no damage. The orc closely misses you.
You hit the orc but do no damage.
The orc is moderately wounded.
The orc hits you with a +0 hand axe.
You die...

#......[..# #
#.........# ######
########### #.....
#..... +....) #########
#..... ........# #.....
.....[..# ####.#
........##############.#
.......................#
.......@################
.######o# # #....goo..#
# #.....s...# #
#.........# ######+####


You could see 3 orcs, a giant cockroach and a hobgoblin.

Vanquished Creatures
  2 orc priests (D:3)
  5 adders
  3 gnolls (D:2)
  2 worms (D:2)
  2 dart slugs
  4 orcs (D:3)
  6 giant cockroaches
  8 goblins
  9 hobgoblins
  7 jackals
  5 kobolds
  3 quokkas
  6 bats
  7 frilled lizards (D:1)
  7 rats
76 creatures vanquished.

Notes
Turn   | Place    | Note
-------+----------+-------------------------------------------
     0 | D:1      | bli the Vine Stalker Transmuter began the quest for the
                  | Orb.
     0 | D:1      | Reached XP level 1. HP: 9/9 MP: 4/4
   350 | D:1      | Reached skill level 1 in Fighting
   421 | D:1      | Reached XP level 2. HP: 14/14 MP: 3/6
  1013 | D:2      | Reached XP level 3. HP: 7/18 MP: 3/7
  1233 | D:2      | Reached skill level 4 in Unarmed Combat
  1450 | D:2      | Gained mutation: Your natural rate of healing is unusually
                  | fast. [Vine Stalker growth]
  1450 | D:2      | Reached XP level 4. HP: 15/22 MP: 5/8
  2389 | D:3      | Reached XP level 5. HP: 25/26 MP: 10/10
  2832 | D:3      | Reached skill level 1 in Stealth
  2933 | D:3      | HP: 1/26 [orc priest/divine providence (8)]
  2936 | D:3      | Slain by an orc

Illustrated notes

Levels and vault maps discovered:
D:1:      dpeg_arrival_brainrot, layout_basic, serial_glass, glass_columns_b,
          glass_columns_c, minmay_lizard_pond
D:2:      layout_basic, serial_glass, glass_columns_a, glass_columns_b,
          first_ration
D:3:      layout_basic, patterned_corridor

Skill      XL: |  1  2  3  4  5 |
---------------+----------------+-----
Fighting       | 1 2 |  2.2
Dodging        | 2 |  2.7
Unarmed Combat | 4 |  4.6
Stealth        | 1 |  1.1
Spellcasting   | 3 |  3.0
Transmutations | |  2.0

Action                   |  1- 3 |  4- 6 || total
-------------------------+-------+-------++-------
Melee: Unarmed           |     9 |       ||     9
       Dagger            |    67 |   137 ||   204
       Bite              |    17 |    36 ||    53
       Kick              |     1 |     3 ||     4
       Punch             |     3 |     1 ||     4
       Headbutt          |     1 |     4 ||     5
 Cast: Beastly Appendage |     2 |     7 ||     9
 Stab: Sleeping          |       |     1 ||     1
  Eat: Chunk             |     1 |     6 ||     7
Armor: Robe              |    10 |    18 ||    28
Dodge: Dodged            |    30 |   103 ||   133
